 Dungeon Crawl Stone Soup version 0.25-a0-834-g55863b0b92 (webtiles) character file.

Game seed: 2427196018786514814, levelgen mode: deterministic

20612 Arvaldir the Geomancer (level 12, 0/72 HPs)
             Began as a Gargoyle Earth Elementalist on Apr 23, 2020.
             Was a High Priest of Vehumet.
             Killed from afar by Frances (29 damage)
             ... with a shard of ice
             ... on level 13 of the Dungeon.
             The game lasted 00:38:43 (13322 turns).

Arvaldir the Geomancer (GrEE)                      Turns: 13322, Time: 00:38:44

Health: 0/72       AC: 23    Str: 12 (13) XL:     12   Next: 81%
Magic:  18/24      EV: 14    Int: 27      God:    Vehumet [*****.]
Gold:   669        SH:  0    Dex:  7      Spells: 7/27 levels left

rFire    . . .     SeeInvis .   M - +2 eveningstar of Freehold {drain, rPois rN+ Int+7 Dex-3}
rCold    + + .     Gourm    .   (no shield)
rNeg     + + .     Faith    .   D - +2 robe {rC+}
rPois    ∞         Spirit   .   H - +1 helmet
rElec    +         Reflect  .   i - +2 cloak
rCorr    .         Harm     .   (no gloves)
MR       +....                  n - +1 pair of boots
Stlth    ++++......             B - amulet of the acrobat
HPRegen  0.22/turn              s - ring of protection from magic
MPRegen  0.19/turn              w - ring of Shadows {Umbra +Inv Stlth+}

@: about to teleport, very slightly contaminated, wreathed by umbra, invisible
A: slimy green scales 1, cold resistance 1, deterioration 1, negative energy
resistance 1, electricity resistance, unbreathing, petrification resistance, rot
immunity, AC +8
a: Renounce Religion


You were on level 13 of the Dungeon.
You worshipped Vehumet.
Vehumet was extremely pleased with you.
You were very hungry.

You visited 2 branches of the dungeon, and saw 14 of its levels.
You also visited: Ossuary.

You collected 669 gold pieces.

Inventory:

Hand Weapons
 g - the +7 mace of Variability {chain chaos}
   (You found it on level 9 of the Dungeon)

   Each time it hits an enemy it has a different, random effect.
 r - a +4 dire flail of holy wrath
 E - a +0 morningstar
 M - the +2 eveningstar of Freehold (weapon) {drain, rPois rN+ Int+7 Dex-3}
   (You acquired it on level 12 of the Dungeon)

   A truly terrible weapon, it drains the life of those it strikes.
   It affects your intelligence (+7).
   It affects your dexterity (-3).
   It protects you from poison.
   It protects you from negative energy.
 P - a cursed +5 dire flail
Missiles
 b - 92 stones (quivered)
 J - a throwing net
Armour
 i - a +2 cloak (worn)
 n - a +1 pair of boots (worn)
 D - a +2 robe of cold resistance (worn)
 H - a +1 helmet (worn)
Jewellery
 o - an uncursed ring of see invisible
 s - a ring of protection from magic (left hand)
 w - the ring of Shadows (right hand) {Umbra +Inv Stlth+}
   (You found it on level 5 of the Dungeon)

   [ring of stealth]

   It lets you turn invisible.
   It makes you more stealthy.
 B - an amulet of the acrobat (around neck)
 L - an uncursed ring of protection from cold
Wands
 c - a wand of random effects (14)
 h - a wand of acid (1)
 t - a wand of flame (11)
 y - a wand of clouds (11)
 I - a wand of digging (3)
Scrolls
 a - 8 scrolls of identify
 f - a scroll of teleportation
 j - 6 scrolls of remove curse
 m - 3 scrolls of amnesia
 q - 2 scrolls of fog
 G - 3 scrolls of enchant weapon
 N - 2 scrolls of fear
Potions
 e - 10 potions of heal wounds
 l - 4 potions of might
 p - 7 potions of curing
 u - 5 potions of stabbing
 v - 2 potions of lignification
 A - 2 potions of flight
 C - 2 potions of brilliance
 F - a potion of mutation
Miscellaneous
 K - a phantom mirror
Comestibles
 d - 26 rations


   Skills:
 + Level 7.5 Fighting
 + Level 6.8 Maces & Flails
 - Level 6.0 Armour
 + Level 6.0 Dodging
 - Level 2.1 Stealth
 + Level 8.0 Spellcasting
 + Level 9.0 Conjurations
   Level 0.7 Transmutations
 + Level 3.3 Fire Magic
 + Level 10.6 Earth Magic
 - Level 6.0 Evocations


You had 7 spell levels left.
You knew the following spells:

 Your Spells              Type           Power        Failure   Level  Hunger
a - Sandblast             Erth           ######       1%          1    None
b - Stone Arrow           Conj/Erth      ######       1%          3    None
c - Lee's Rapid Deconstr  Erth           ######....   1%          5    ####...
d - Fireball              Conj/Fire      #####.....   3%          5    ####...
f - Starburst             Conj/Fire      #####.....   17%         6    ######.

Your spell library contained the following spells:

 Spells                   Type           Power        Failure   Level  Hunger
 Passwall                 Tmut/Erth      #####...     1%          2    None
 Inner Flame              Hex/Fire       ###.....     2%          3    None
 Petrify                  Tmut/Erth      #####...     4%          4    ##.....
 Corona                   Hex            ##.....      5%          1    None
 Summon Small Mammal      Summ           ##..         5%          1    None
 Leda's Liquefaction      Hex/Erth       #####.....   6%          4    ##.....
 Call Imp                 Summ           ##......     8%          2    None
 Slow                     Hex            ##......     8%          2    None
 Call Canine Familiar     Summ           ##......     16%         3    None
 Portal Projectile        Hex/Tloc       ##....       16%         3    None
 Summon Guardian Golem    Hex/Summ       ##......     16%         3    None
 Cause Fear               Hex            ##........   45%         4    ##.....
 Summon Ice Beast         Ice/Summ       ##......     45%         4    ##.....
 Summon Lightning Spire   Summ/Air       ##......     45%         4    ##.....


Dungeon Overview and Level Annotations

Branches:
Dungeon (13/15)            Temple (1/1) D:4            Lair (0/6) D:11
    Orc (0/2) D:11        Ossuary (visited)
 Vaults: D:13-14

Altars:
Cheibriados
Dithmenos
Elyvilon
Hepliaklqana
Kikubaaqudgha
Makhleb
Okawaru
Qazlal
Ru
Trog
Uskayaw
Vehumet
Wu Jian
Xom
The Shining One

Shops:
D:6 %   D:9 %

Annotations:
D:13 Frances


Innate Abilities, Weirdness & Mutations

You are resistant to torment.
Your stone body is resilient. (AC +8)
You are immune to poison.
You resist negative energy. (rN+)
You are resistant to electric shocks. (rElec)
You can survive without breathing.
You are immune to petrification.
You are immune to rotting.
You are partially covered in slimy green scales. (AC +2)
Your flesh is cold resistant. (rC+)
Your body sometimes deteriorates upon taking damage.


Message History

Casting: Lee's Rapid Deconstruction (mildly dangerous; 1% risk of failure)
Confirm with . or Enter, or press ? or * to list all spells.
Aiming: Fireball (mildly dangerous; 3% risk of failure)
Press: ? - help, Shift-Dir - straight line The fireball explodes!
The fireball engulfs Frances!!
Frances is lightly wounded.
Frances shouts!
The fireball engulfs the worker ant!!
You kill the worker ant!
Vehumet accepts your kill.
You feel your power returning.
Frances mutters in a terrible tongue.
The iron shot hits you!!!
Ouch! That really hurt!
Unknown command.
As you read the scroll of teleportation, it crumbles to dust.
You feel strangely unstable.
Frances chants phrases taken from a devil's mouth.
The shard of ice hits you!! You partially resist.
You die...

#............... #.........######
#####.###.# ## #.###.# ...
#####.....# #.########.....#####
#..........###.# #....@.....# #.#
#.......@..###.# ## .
###......†.....#.# #.
..)####@..........##(#.#########.
...)))(..........).(......... ...
..z@###......#######÷#.###### #.
... #........^.....#.# ##. ##
.####....)#########.# #.†
.>................ .# #..
######.....####### .# #..


You could see Frances.

Vanquished Creatures
  2 hydras
  A centaur warrior (D:13)
  3 two-headed ogres
  4 skeletal warriors (D:12)
  A cyclops (D:13)
  An ugly thing (D:12)
  A deep elf mage (D:11)
  Psyche (D:9)
  A queen bee (D:10)
  4 slime creatures (D:12)
  4 hippogriffs
  2 wyverns
  10 yaks
  2 shadows (D:11)
  Sigmund (D:6)
  2 humans (D:10)
  3 chaos spawn (D:9)
  A hungry ghost (D:11)
  Menkaure (D:7)
  Edmund (D:4)
  2 water moccasins
  6 ice beasts
  4 orc warriors
  4 sky beasts
  A black bear (D:10)
  A necrophage (D:8)
  8 centaurs
  7 ogres
  An eye of draining (D:9)
  7 bullfrogs
  3 scorpions
  16 wights
  20 killer bees (D:10)
  A howler monkey (D:4)
  An electric eel (D:7)
  6 crimson imps
  7 centaur zombies
  5 bullfrog zombies
  A human zombie (Ossuary)
  2 quasits
  6 orc priests
  5 jellies
  12 orc wizards
  A centaur skeleton (D:8)
  7 hounds
  Terence (D:3)
  3 bullfrog skeletons
  2 iguanas
  Natasha (thrice) (D:3)
  14 worker ants
  3 ogre zombies (Ossuary)
  A big kobold zombie (Ossuary)
  2 hound zombies
  8 mummies
  12 gnolls
  7 adders
  A shadow imp (D:12)
  An ooze (D:5)
  5 adder zombies
  An adder skeleton (D:8)
  4 worms
  A dart slug (D:2)
  9 leopard geckos
  32 orcs
  6 giant cockroaches
  A gnoll zombie (Ossuary)
  6 goblins
  5 hobgoblins
  9 jackals
  6 quokkas
  3 ball pythons (D:1)
  7 bats
  5 frilled lizards
  A giant cockroach zombie (D:6)
  4 goblin zombies (Ossuary)
  4 hobgoblin zombies (Ossuary)
  8 kobolds
  6 kobold zombies (Ossuary)
  A leopard gecko zombie (D:5)
  A quokka skeleton (D:9)
  4 quokka zombies (Ossuary)
  4 rats
  A rat zombie (Ossuary)
372 creatures vanquished.

Notes
Turn   | Place    | Note
-------+----------+-------------------------------------------
     0 | D:1      | Arvaldir the Gargoyle Earth Elementalist began the quest
                  | for the Orb.
     0 | D:1      | Reached XP level 1. HP: 10/10 MP: 3/3
   524 | D:1      | Reached XP level 2. HP: 11/15 MP: 5/5
   525 | D:1      | Reached skill level 4 in Earth Magic
  1061 | D:1      | Reached XP level 3. HP: 12/19 MP: 6/6
  1066 | D:1      | Learned a level 3 spell: Stone Arrow
  1279 | D:2      | Found an ancient bone altar of Kikubaaqudgha.
  1489 | D:2      | Found a stormy altar of Qazlal.
  1824 | D:2      | Reached skill level 1 in Conjurations
  1830 | D:2      | Reached XP level 4. HP: 18/24 MP: 5/8
  2177 | D:3      | Noticed Natasha
  2179 | D:3      | Killed Natasha
  2179 | D:3      | Reached skill level 5 in Earth Magic
  2179 | D:3      | Reached XP level 5. HP: 28/28 MP: 6/10
  2197 | D:3      | Learned a level 5 spell: Lee's Rapid Deconstruction
  2273 | D:3      | Noticed Natasha
  2284 | D:3      | Killed Natasha
  2298 | D:3      | Noticed Natasha
  2305 | D:3      | Killed Natasha
  2426 | D:3      | Reached XP level 6. HP: 28/32 MP: 5/11
  2713 | D:3      | Noticed Terence
  2723 | D:3      | Killed Terence
  2930 | D:4      | Reached skill level 6 in Earth Magic
  2938 | D:4      | Reached XP level 7. HP: 29/36 MP: 1/13
  3358 | D:4      | Noticed Edmund
  3369 | D:4      | Killed Edmund
  3673 | D:4      | Found a staircase to the Ecumenical Temple.
  3683 | Temple   | Entered the Ecumenical Temple
  3743 | Temple   | Became a worshipper of Vehumet
  3913 | D:5      | Entered Level 5 of the Dungeon
  3940 | D:5      | Reached skill level 1 in Fighting
  3940 | D:5      | Reached skill level 1 in Maces & Flails
  3940 | D:5      | Reached skill level 1 in Armour
  4013 | D:5      | Reached XP level 8. HP: 43/43 MP: 8/15
  4061 | D:5      | Found the ring of Shadows {Umbra +Inv Stlth+}
  4801 | D:6      | Reached * piety under Vehumet
  4801 | D:6      | Offered knowledge of Shock by Vehumet.
  4822 | D:6      | Reached skill level 5 in Spellcasting
  4828 | D:6      | Noticed Sigmund
  4845 | D:6      | Reached skill level 7 in Earth Magic
  4952 | D:6      | Reached skill level 1 in Evocations
  5000 | D:6      | Gained mutation: Your body sometimes deteriorates upon
                  | taking damage. [potion of mutation]
  5000 | D:6      | Gained mutation: You are partially covered in slimy green
                  | scales. (AC +2) [potion of mutation]
  5000 | D:6      | Gained mutation: Your flesh is cold resistant. (rC+)
                  | [potion of mutation]
  5086 | D:6      | Reached skill level 5 in Conjurations
  5099 | D:6      | Found a sand-covered staircase.
  5108 | Ossuary  | Entered an ossuary
  5450 | Ossuary  | Offered knowledge of Freeze by Vehumet.
  5464 | Ossuary  | Reached ** piety under Vehumet
  5747 | D:6      | Reached XP level 9. HP: 49/49 MP: 16/16
  5805 | D:6      | Found Deicwom's Food Boutique.
  6210 | D:6      | Killed Sigmund
  6734 | D:7      | Offered knowledge of Conjure Flame by Vehumet.
  6768 | D:7      | Noticed Menkaure
  6775 | D:7      | Killed Menkaure
  7091 | D:7      | Reached *** piety under Vehumet
  7377 | D:8      | Reached skill level 8 in Earth Magic
  7624 | D:8      | Offered knowledge of Inner Flame by Vehumet.
  7624 | D:8      | Reached XP level 10. HP: 57/57 MP: 7/18
  8291 | D:9      | Found a shimmering altar of Xom.
  8315 | D:9      | Reached **** piety under Vehumet
  8378 | D:9      | Found the +7 mace of Variability {chain chaos}
  8603 | D:9      | Reached skill level 5 in Armour
  8809 | D:9      | Noticed Psyche
  8816 | D:9      | Killed Psyche
  8816 | D:9      | Reached skill level 5 in Fighting
  9025 | D:9      | Found Ysuminyla's Food Shop.
  9155 | D:10     | Entered Level 10 of the Dungeon
  9192 | D:10     | Offered knowledge of Fireball by Vehumet.
  9192 | D:10     | Reached skill level 9 in Earth Magic
  9202 | D:10     | Reached XP level 11. HP: 51/64 MP: 3/20
  9398 | D:10     | Reached skill level 5 in Maces & Flails
  9403 | D:10     | Found an iron altar of Okawaru.
  9635 | D:10     | Learned a level 5 spell: Fireball
  9858 | D:10     | Noticed a two-headed ogre
  9866 | D:10     | Killed a two-headed ogre
 10426 | D:11     | Noticed a deep elf mage
 10429 | D:11     | Noticed a two-headed ogre
 10457 | D:11     | Killed a two-headed ogre
 10457 | D:11     | Reached skill level 5 in Dodging
 10462 | D:11     | Killed a deep elf mage
 10641 | D:11     | Reached ***** piety under Vehumet
 10679 | D:11     | Offered knowledge of Starburst by Vehumet.
 10680 | D:11     | Reached skill level 5 in Evocations
 10864 | D:11     | Found a staircase to the Lair.
 10912 | D:11     | Found a staircase to the Orcish Mines.
 11015 | D:11     | Learned a level 6 spell: Starburst
 11088 | D:11     | Noticed an eight-headed hydra
 11094 | D:11     | Killed an eight-headed hydra
 11523 | D:12     | Reached skill level 1 in Fire Magic
 11641 | D:12     | Reached skill level 10 in Earth Magic
 11641 | D:12     | Reached XP level 12. HP: 71/71 MP: 13/23
 11749 | D:12     | Identified a scroll of acquirement
 11749 | D:12     | Identified the ring of Piwecwo {Wiz rF+ rC+} (You acquired
                  | it on level 12 of the Dungeon)
 11749 | D:12     | Identified the +2 pair of gloves of the Barracuda {rPois
                  | rC+++ MR- Str+5} (You acquired it on level 12 of the
                  | Dungeon)
 11749 | D:12     | Identified the +2 eveningstar of Freehold {drain, rPois rN+
                  | Int+7 Dex-3} (You acquired it on level 12 of the Dungeon)
 12143 | D:12     | Noticed a two-headed ogre
 12146 | D:12     | Killed a two-headed ogre
 12678 | D:13     | Noticed a five-headed hydra
 12682 | D:13     | Killed a five-headed hydra
 12880 | D:13     | Noticed a centaur warrior
 12889 | D:13     | Killed a centaur warrior
 12997 | D:13     | Noticed Frances
 13322 | D:13     | Killed from afar by Frances

Levels and vault maps discovered:
D:1:      kennysheep_arrival_forest, layout_basic
D:2:      layout_loops_ring, nicolae_overflow_hidden_temple, grunt_qazlal_clouds
D:3:      layout_basic, uniq_natasha, uniq_terence
D:4:      layout_cave_pools, minmay_temple_entry_poolview, uniq_edmund
D:5:      layout_rooms, first_ration
D:6:      layout_gridville, gup_ossuary_entry_pyramid, serial_shops, shop,
          uniq_sigmund
D:7:      layout_gridville, serial_bayou_lagoon_a, uniq_menkaure
D:8:      layout_loops_ring
D:9:      layout_loops_corners, serial_shops, kennysheep_mini,
          minmay_guarded_unrand_variability, uniq_psyche
D:10:     layout_long_grid, david_nohive_1, okawaru_humans
D:11:     layout_rooms, lair_entry_dummy, erik_orc_4, corexii_checkpoint_a,
          patterned_corridor
D:12:     layout_cave_pods
D:13:     layout_basic, grunt_vaults_entry_tiered, nicolae_trove_entry_columns,
          uniq_frances
Temple:   minmay_crystal_snake_temple

Skill      XL: |  1  2  3  4  5  6  7  8  9 10 11 12 |
---------------+-------------------------------------+-----
Earth Magic    | 4 5 6 7 8 9 10 | 10.6
Conjurations   | 1 2 3 4 5 6 7 8 9 |  9.0
Spellcasting   | 3 4 5 6 7 8 |  8.0
Fighting       | 1 2 4 5 6 7 |  7.5
Maces & Flails | 1 2 3 4 6 |  6.8
Armour         | 1 2 4 5 6 |  6.0
Dodging        | 2 3 4 5 6 |  6.0
Evocations     | 1 3 4 5 6 |  6.0
Fire Magic     | 1 3 |  3.3
Stealth        | |  2.1
Transmutations | |  0.7

Action                   |  1- 3 |  4- 6 |  7- 9 | 10-12 || total
-------------------------+-------+-------+-------+-------++-------
Melee: Unarmed           |     9 |       |       |       ||     9
       Dagger            |     5 |       |       |       ||     5
       Mace              |    64 |    59 |    16 |       ||   139
       Rapier            |       |       |   453 |   320 ||   773
       Eveningstar       |       |       |       |   129 ||   129
 Cast: Sandblast         |    21 |    51 |   134 |   103 ||   309
       Stone Arrow       |       |       |    11 |    56 ||    67
       Lee's Rapid Decon |       |       |     2 |    46 ||    48
       Fireball          |       |       |       |     1 ||     1
 Abil: Evoke Invisibilit |       |       |       |     1 ||     1
Evoke: Wand              |       |       |     1 |    18 ||    19
  Use: Scroll            |       |     9 |    17 |     5 ||    31
       Potion            |       |       |     1 |     3 ||     4
 Stab: Sleeping          |     2 |     2 |    23 |    15 ||    42
  Eat: Chunk             |     3 |     4 |    13 |    27 ||    47
       Ration            |       |       |     1 |     1 ||     2
Armor: Robe              |    42 |    40 |   157 |   218 ||   457
Dodge: Dodged            |    64 |    43 |   326 |   387 ||   820

Table legend:
 A = Non-vault XP
 B = Vault XP
 C = Vault XP percentage of total XP
 D = Non-vault monster count
 E = Vault monster count
 F = Vault count percentage of total count
                 A         B        C        D         E       F
            +---------+---------+-------+---------+---------+-------
      Total |   25336 |    4110 |  14.0 |     289 |      83 |  22.3
            +---------+---------+-------+---------+---------+-------
        D:1 |      39 |       0 |   0.0 |      18 |       0 |   0.0
        D:2 |      50 |       0 |   0.0 |      18 |       0 |   0.0
        D:3 |     445 |      71 |  13.8 |      33 |       2 |   5.7
        D:4 |     175 |     145 |  45.3 |      10 |       1 |   9.1
        D:5 |     462 |       0 |   0.0 |      18 |       0 |   0.0
        D:6 |     884 |     230 |  20.6 |      20 |       2 |   9.1
        D:7 |     809 |     172 |  17.5 |      25 |       1 |   3.8
        D:8 |    1396 |       0 |   0.0 |      28 |       0 |   0.0
        D:9 |    1404 |     973 |  40.9 |      23 |       4 |  14.8
       D:10 |    3598 |    1597 |  30.7 |      23 |      18 |  43.9
       D:11 |    4027 |     512 |  11.3 |      23 |      18 |  43.9
       D:12 |    6659 |       0 |   0.0 |      27 |       0 |   0.0
       D:13 |    5388 |       0 |   0.0 |      23 |       0 |   0.0
    Ossuary |       0 |     410 | 100.0 |       0 |      37 | 100.0
            +---------+---------+-------+---------+---------+-------
